 Dungeon Crawl Stone Soup version 0.27.1-34-g3ba077fa99 (webtiles) character file.

Game seed: 5857189772584165410

5907 blackman the Cleaver (level 11, -2/80 HPs)
             Began as a Human Fighter on Aug 17, 2021.
             Was a Priest of Zin.
             Slain by a thrashing horror (8 damage)
             ... on level 2 of the Abyss on Jan 7, 2022.
             The game lasted 01:02:56 (19919 turns).

blackman the Cleaver (Human Fighter)               Turns: 19919, Time: 01:02:57

Health: -2/80      AC: 20    Str: 20      XL:     11   Next: 8%
Magic:  8/11       EV: 11    Int:  7 (9)  God:    Zin [***...]
Gold:   496        SH:  0    Dex: 12      Spells: 10/10 levels left

rFire    . . .     SeeInvis .   R - +2 broad axe (flame)
rCold    . . .     Faith    .   (no shield)
rNeg     . . .     Spirit   .   S - +2 steam dragon scales
rPois    .         Reflect  .   M - +0 helmet
rElec    .         Harm     .   (no cloak)
rCorr    .         Rampage  .   s - +1 pair of gloves
Will     .....                  U - +0 pair of boots
Stlth    +.........             E - amulet of regeneration
HPRegen  1.23/turn              f - +4 ring of protection
MPRegen  0.12/turn              w - +4 ring of protection

@: on recite cooldown
A: hooves 1
a: Renounce Religion, Recite, Vitalisation, Imprison, Donate Gold


You were on level 2 of the Abyss.
You worshipped Zin.
Zin was most pleased with you.
You visited 2 branches of the dungeon, and saw 11 of its levels.
You visited the Abyss 1 time.
You also visited: Sewer.

You collected 587 gold pieces.
You spent 36 gold pieces at shops.
You donated 55 gold pieces to Zin.

Inventory:

Hand Weapons
 a - a +0 war axe
 q - a +0 battleaxe
 N - a +4 battleaxe
 R - a +2 broad axe of flaming (weapon)
Missiles
 h - 4 boomerangs
 n - 69 sling bullets
 u - 78 poisoned darts (quivered)
Armour
 c - a +0 kite shield
 i - a +0 chain mail
 o - a +0 pair of gloves
 s - a +1 pair of gloves (worn)
 M - a +0 helmet (worn)
 S - +2 steam dragon scales (worn)
 U - a +0 pair of boots (worn)
Jewellery
 e - a +6 ring of intelligence
 f - a +4 ring of protection (left hand)
 v - a ring of magical power
 w - a +4 ring of protection (right hand)
 y - a ring of positive energy
 E - an amulet of regeneration (around neck)
 P - a +4 ring of protection
 Q - a ring of wizardry
Wands
 m - a wand of digging (14)
 C - a wand of flame (23)
 O - a wand of charming (4)
 T - a wand of acid (4)
Scrolls
 j - a scroll of immolation {unknown}
 l - a scroll of brand weapon {unknown}
 K - 2 scrolls of amnesia {unknown}
 V - a scroll of fear {unknown}
 Y - a scroll of identify
Potions
 b - a potion of berserk rage {unknown}
 d - 2 potions of invisibility {unknown}
 g - 3 potions of flight
 k - 2 potions of brilliance
 p - 2 potions of mutation
 r - a potion of ambrosia {unknown}
 z - 3 potions of resistance
 A - 3 potions of degeneration
 B - 2 potions of curing
 D - a potion of magic {unknown}
 F - a potion of experience {unknown}
 G - a potion of cancellation {unknown}
 J - a potion of might
 L - 2 potions of attraction {unknown}
Miscellaneous
 W - a piece from Xom's chessboard (15/15)


   Skills:
 - Level 5.2 Fighting
 - Level 14.6 Axes
 - Level 3.0 Armour
 - Level 3.0 Shields
 + Level 0.0 Invocations


You had 10 spell levels left.
You didn't know any spells.
Your spell library contained the following spells:

 Spells                   Type           Power      Damage    Failure   Level
 Magic Dart               Conj           0%         1d3       43%         1
 Call Imp                 Summ           0%         N/A       56%         2
 Mephitic Cloud           Conj/Pois/Air  0%         N/A       80%         3
 Cause Fear               Hex            0%         N/A       99%         4
 Blade Hands              Tmut           0%         N/A       100%        5
 Irradiate                Conj/Tmut      0%         3d14      100%        5
 Dragon Form              Tmut           0%         N/A       100%        7
 Dragon's Call            Summ           0%         N/A       100%        9


Dungeon Overview and Level Annotations

Branches:
Dungeon (10/15)            Temple (1/1) D:7            Lair (0/6) D:9
  Sewer (visited)
    Orc: D:9-12

Altars:
Ashenzari
Cheibriados
Gozag
Hepliaklqana
Makhleb
Nemelex Xobeh
Okawaru
Qazlal
Ru
Wu Jian
Xom
Zin
The Shining One

Shops:
D:6 *

Annotations:
D:8 3 runed translucent doors, DemonSlayer's ghost, novice TeBe; squill's ghost, novice HOFE


Innate Abilities, Weirdness & Mutations

You have large cloven feet.


Message History

You need more space to imprison the thrashing horror.
Unknown command.
Unknown command.
Unknown command.
The thrashing horror tramples you but does no damage. x2
The thrashing horror roars!
The thrashing horror barely misses you.
The thrashing horror tramples you but does no damage.
The thrashing horror tramples you.
You stumble backwards!
The thrashing horror roars!
The thrashing horror tramples you.
You hold your ground!
The thrashing horror barely misses you.
A spatial vortex comes into view.
The thrashing horror tramples you but does no damage.
The thrashing horror closely misses you. x2
The thrashing horror tramples you but does no damage.
The thrashing horror roars!
The thrashing horror barely misses you. x2
The spatial maelstrom hits you but does no damage. x2
The thrashing horror tramples you.
You hold your ground!
The thrashing horror tramples you but does no damage. x3
The thrashing horror roars!
The thrashing horror misses you.
The thrashing horror tramples you but does no damage.
The thrashing horror closely misses you.
The thrashing horror tramples you but does no damage.
The thrashing horror barely misses you.
The thrashing horror tramples you but does no damage.
The thrashing horror barely misses you.
The thrashing horror completely misses you.
A spatial vortex comes into view.
The thrashing horror tramples you.
You hold your ground!
The thrashing horror closely misses you.
The spatial maelstrom closely misses you.
The spatial maelstrom hits you!
* * * LOW HITPOINT WARNING * * *
Space warps horribly around you!!
* * * LOW HITPOINT WARNING * * *
The thrashing horror tramples you!
You die...

.# .## # #..# .# .#.
... .. ##..#.... ..#
####.#...##
...###..#......#
........X@.##.#
........X#§#.#
#......v#...#
#.....v....## ..
#........x.#
.....#.........## .
.....#.........##...
.................. .
#..X.#≈#≈v....#..


You could see a spatial maelstrom, a spatial vortex and 2 thrashing horrors.

Vanquished Creatures
  Pikel (D:6)
  Maggie (D:8)
  A komodo dragon (D:8)
  A hornet (D:8)
  A troll (D:9)
  Prince Ribbit (D:8)
  A yak (D:9)
  A steam dragon (D:9)
  6 water moccasins
  4 black bears
  Duvessa (D:5)
  2 orc warriors
  An ogre (D:6)
  A lemure (D:6)
  A phantom (D:5)
  A centaur (D:7)
  4 kobold brigands
  4 bullfrogs
  A gnoll sergeant (D:9)
  2 scorpions
  Dowan (D:5)
  A wyvern skeleton (D:6)
  A wyvern zombie (D:6)
  2 water moccasin zombies (D:6)
  3 killer bees (D:8)
  A vampire bat (D:3)
  11 wights
  3 howler monkeys
  3 centaur zombies
  A bullfrog skeleton (D:5)
  A jelly (D:5)
  2 orc priests
  2 iguanas
  3 orc wizards
  A howler monkey zombie (D:5)
  A mummy (D:6)
  8 gnolls
  11 adders
  6 river rats (Sewer)
  A shadow imp (D:7)
  A white imp (D:6)
  An ufetubus (D:3)
  3 worms (D:2)
  4 dart slugs
  3 fire bats (D:3)
  24 orcs
  2 spectral bats (D:3)
  14 ball pythons
  12 bats
  3 bat skeletons (D:3)
  A bat zombie (D:3)
  9 endoplasms
  5 giant cockroaches
  10 goblins
  17 hobgoblins
  5 jackals
  5 quokkas
  A bat simulacrum (D:3)
  2 frilled lizards
  A goblin zombie (D:6)
  20 kobolds
  A kobold zombie (D:6)
  27 rats
  A starspawn tentacle (Abyss:2)
271 creatures vanquished.

Vanquished Creatures (others)
  2 orcs (D:8)
  55 fungi (D:9)
  45 plants (D:9)
  6 starspawn tentacles (Abyss:2)
  4 withered plants (D:8)
112 creatures vanquished.

Grand Total: 383 creatures vanquished

Notes
Turn   | Place    | Note
-------+----------+-------------------------------------------
     0 | D:1      | blackman the Human Fighter began the quest for the Orb.
     0 | D:1      | Reached XP level 1. HP: 18/18 MP: 1/1
     5 | D:1      | Noticed a death yak
   136 | D:1      | Reached XP level 2. HP: 23/24 MP: 2/2
   172 | D:1      | Reached skill level 3 in Axes
   218 | D:1      | Reached XP level 3. HP: 19/29 MP: 3/3
   430 | D:1      | Noticed a death yak
  1316 | D:2      | Reached skill level 4 in Axes
  1316 | D:2      | Reached XP level 4. HP: 22/35 MP: 4/4
  2875 | D:2      | Reached XP level 5. HP: 41/41 MP: 5/5
  2969 | D:3      | Reached skill level 5 in Axes
  5881 | D:3      | Reached XP level 6. HP: 39/47 MP: 6/6
  7187 | D:3      | Reached skill level 6 in Axes
  7995 | D:3      | Reached XP level 7. HP: 51/52 MP: 7/7
  8032 | D:3      | Upgraded the game from 0.27.0-1-g7a089689b8 to
                  | 0.27.1-34-g3ba077fa99
  8099 | D:3      | Reached skill level 7 in Axes
  8767 | D:4      | Found a stormy altar of Qazlal.
  9454 | D:5      | Entered Level 5 of the Dungeon
  9514 | D:5      | Reached skill level 8 in Axes
  9864 | D:5      | Noticed Duvessa
  9865 | D:5      | Noticed Dowan
  9881 | D:5      | Killed Duvessa
  9882 | D:5      | Reached XP level 8. HP: 39/58 MP: 8/8
  9888 | D:5      | Killed Dowan
  9925 | D:5      | Reached skill level 9 in Axes
 10910 | D:6      | Found Cukefem's Commerce Corner.
 10914 | D:6      | Bought a potion of curing for 36 gold pieces
 10952 | D:6      | Found a glowing drain.
 10968 | D:6      | Reached skill level 10 in Axes
 10986 | Sewer    | Entered a sewer
 11372 | Sewer    | Reached XP level 9. HP: 27/63 MP: 9/9
 12284 | D:6      | Reached skill level 11 in Axes
 12462 | D:6      | Noticed Pikel
 12501 | D:6      | Killed Pikel
 13058 | D:6      | Reached skill level 12 in Axes
 15155 | D:7      | Reached XP level 10. HP: 63/66 MP: 10/10
 15386 | D:7      | Found a staircase to the Ecumenical Temple.
 15397 | Temple   | Entered the Ecumenical Temple
 15421 | Temple   | Became a worshipper of Zin the Law-Giver
 15421 | Temple   | Reached * piety under Zin
 15463 | D:7      | Reached ** piety under Zin
 15652 | D:8      | Noticed Maggie
 15673 | D:8      | Killed Maggie
 15674 | D:8      | Reached skill level 13 in Axes
 16989 | D:8      | Found a runed translucent gate.
 16990 | D:8      | Found a runed translucent gate.
 16991 | D:8      | Found a runed translucent gate.
 16993 | D:8      | Noticed DemonSlayer's ghost (novice TeBe)
 16993 | D:8      | Noticed squill's ghost (novice HOFE)
 17109 | D:8      | Noticed Prince Ribbit
 17139 | D:8      | Killed Prince Ribbit
 17413 | D:9      | Reached skill level 14 in Axes
 17616 | D:9      | Noticed a komodo dragon
 17666 | D:8      | Killed a komodo dragon
 18393 | D:9      | Found a staircase to the Lair.
 18418 | D:9      | Reached *** piety under Zin
 18542 | D:9      | Reached XP level 11. HP: 77/77 MP: 11/11
 18711 | D:9      | Reached skill level 5 in Fighting
 19338 | D:10     | Entered Level 10 of the Dungeon
 19356 | D:10     | Noticed a wizard
 19361 | D:10     | Cast into level 2 of the Abyss (a wizard)
 19453 | Abyss:2  | Gained mutation: You have large cloven feet. [a neqoxec]
 19459 | Abyss:2  | Found a corrupted altar of Lugonu.
 19460 | Abyss:2  | Noticed a thrashing horror
 19465 | Abyss:2  | Noticed a hell hog
 19580 | Abyss:2  | Noticed a white very ugly thing
 19760 | Abyss:2  | Noticed a thrashing horror
 19804 | Abyss:2  | Found a corrupted altar of Lugonu.
 19830 | Abyss:2  | Noticed a thrashing horror
 19834 | Abyss:2  | Noticed a vampire mage
 19844 | Abyss:2  | Noticed a tentacled starspawn
 19855 | Abyss:2  | Noticed a spatial maelstrom
 19877 | Abyss:2  | Noticed a thrashing horror
 19886 | Abyss:2  | Noticed a tentacled starspawn
 19919 | Abyss:2  | Slain by a thrashing horror

Illustrated notes

Levels and vault maps discovered:
D:1:      sevenhm_arrival_forest_fort_small_2, layout_loops_cross,
          roderic_serpentine_path
D:2:      cheibrodos_greedy_goblins, layout_basic
D:3:      layout_rooms, goddamned_bats
D:4:      layout_rooms, mainiacjoe_overflow_surrounded_room
D:5:      layout_basic, serial_co_window_serial, co_window_of_opportunity_a,
          co_window_paths_a, co_window_paths_a, co_window_paths_b,
          co_window_paths_b, co_window_2corner, co_window_unsneaky_path_d,
          co_window_paths_c, co_window_paths_d, glass_columns_c,
          glass_columns_a, uniq_duvessa
D:6:      wander_river, layout_loops_corners, cheibrodos_sewer_entry_sluice,
          nicolae_ossuary_entry_giza, supply_closet_lemuel,
          hangedman_decor_opposing, minmay_holes, nicolae_alphabet_shops,
          uniq_pikel
D:7:      layout_loops_ring, minmay_temple_entry_slanted
D:8:      layout_layer_cave, gammafunk_ghost_cemetery, minivault_25,
          kennysheep_generic_room_12, uniq_prince_ribbit1, uniq_maggie
D:9:      layout_basic, due_lair_maze_entry_diamond
D:10:     minmay_smoke_and_mirrors, layout_loops_ring, serial_shops,
          nicolae_square_shop, shop_fountains, nicolae_shop_behind_doors, shop,
          shop, hex_medium
Temple:   nicolae_temple_the_god_donut
Abyss:2:  base: D:10, minivault_23, guppyfry_abyss_exit_imp_island,
          evilmike_abyss_exit_kraken, evilmike_abyss_exit_16,
          evilmike_abyss_exit_7, evilmike_abyss_exit_7, hangedman_decor_lopped,
          hangedman_decor_lopped, evilmike_abyss_exit_5

Skill      XL: |  1  2  3  4  5  6  7  8  9 10 11 |
---------------+----------------------------------+-----
Axes           | 3 4 5 6 8 10 12 14 | 14.6
Fighting       | 4 5 |  5.2
Armour         | |  3.0
Shields        | |  3.0

Action                   |  1- 3 |  4- 6 |  7- 9 | 10-12 || total
-------------------------+-------+-------+-------+-------++-------
Melee: War axe           |    91 |   219 |   374 |       ||   684
       Battleaxe         |       |       |    43 |   187 ||   230
       Broad axe         |       |       |       |     9 ||     9
Throw: Dart              |       |       |     8 |    12 ||    20
       Throwing net      |       |       |     1 |       ||     1
       Boomerang         |       |       |       |     3 ||     3
Invok: Recite            |       |       |       |     6 ||     6
       Imprison          |       |       |       |     1 ||     1
Evoke: Wand              |       |       |       |     3 ||     3
  Use: Potion            |       |     1 |     2 |    11 ||    14
       Scroll            |       |       |     5 |    12 ||    17
Armor: Scale mail        |    27 |       |       |       ||    27
       Chain mail        |    34 |   230 |   334 |    12 ||   610
       Steam dragon scal |       |       |       |   172 ||   172
Dodge: Dodged            |    18 |   109 |   150 |   176 ||   453
Block: Kite shield       |    36 |    16 |       |       ||    52
